 Dungeon Crawl Stone Soup version 0.16-a0-3540-gcd4db26 (webtiles) character file.

2775 PolkaDot the Ducker (level 9, 0/69 HPs)
             Began as a Vampire Chaos Knight on Jan 9, 2015.
             Was a Plaything of Xom.
             Shot with an arrow by a centaur (8 damage)
             ... on level 10 of the Dungeon.
             The game lasted 00:20:51 (6015 turns).

PolkaDot the Ducker (Vampire Chaos Knight)          Turns: 6015, Time: 00:20:51

Health: 0/69       AC: 11    Str: 10    XL:     9   Next: 42%
Magic:  9/9        EV:  4    Int: 14    God:    Xom [...*..]
Gold:   271        SH:  0    Dex: 15    Spells: 0 memorised, 8 levels left

rFire  + . .     SeeInvis +     m - +7 Screaming Sword
rCold  . . .     Clarity  .     q - +2 chain mail {rPois}
rNeg   + . .     SustAb   .     (no shield)
rPois  +         Gourm    .     (no helmet)
rElec  .         Spirit   .     (no cloak)
rCorr  .         Warding  +     (no gloves)
rMut   .         Stasis   .     (no boots)
MR     .....                    v - amulet of warding
Stlth  ..........               (no ring)
                                h - ring of protection from fire

@: very slightly contaminated, held, regenerating very quickly, invisible, not
resistant to hostile enchantments, extremely unstealthy
A: bottle blood, fangs 3, see invisible, weak 1, unbreathing
a: Renounce Religion


You were on level 10 of the Dungeon.
You worshipped Xom.
You were a favourite toy of Xom.
You were almost alive.

You visited 1 branch of the dungeon, and saw 9 of its levels.

You collected 271 gold pieces.

Inventory:

Hand weapons
 m - the +7 Screaming Sword (weapon)
   (You found it on level 4 of the Dungeon)
Armour
 a - a +1 pair of gloves
 q - a +2 chain mail of poison resistance (worn)
Jewellery
 h - a ring of protection from fire (left hand)
 r - an uncursed ring of magical power {unknown}
 v - an amulet of warding (around neck)
Magical devices
 j - a wand of enslavement (21)
 n - a wand of disintegration (3)
 s - a wand of lightning (8)
 w - a wand of slowing (18)
Scrolls
 d - a scroll of immolation
 f - a scroll of identify
 k - a scroll of enchant armour
 l - 5 scrolls of remove curse
Potions
 c - 14 potions of blood {@*1}
 i - a potion of flight
 o - 2 potions of agility
 t - a potion of haste


   Skills:
 + Level 5.9 Fighting
   Level 6.0(7.7) Short Blades
 * Level 6.6(7.5) Long Blades
 + Level 4.9 Armour
 + Level 6.6 Dodging


You had 8 spell levels left.
You didn't know any spells.

Dungeon Overview and Level Annotations

Branches:
Dungeon (11/15)            Temple (0/1) D:6
   Lair: D:8-11         Orc: D:9-12

Altars:
Elyvilon
Kikubaaqudgha
Trog
Xom

Annotations:
D:4 Eustachio
D:10 Harold
Abyss:1 Sigmund


Innate Abilities, Weirdness & Mutations

Your natural rate of healing is extremely fast.
You can bottle blood from corpses.
You have razor-sharp teeth.
You have supernaturally acute eyesight.
You can survive without breathing.
You are weak. (Str -2)


Message History

Your big kobold hits the wight with a short sword!
The wight is destroyed!
A scorpion, a kobold and an orc come into view.
Drink which item? (? for menu, Esc to quit)
Okay, then.
Unknown command.
Unknown command.
Read which item? (? for menu, Esc to quit)
Okay, then.
Evoke which item? (* to show all) (? for menu, Esc to quit)
Zapping:
j - a wand of enslavement {recharged} (will waste charges)
Press: ? - help, Shift-Dir - straight line, f - yak
Aim: a yak (severely wounded, chance 46%)
The yak resists with some effort.
Evoking this partially-identified wand wasted a few charges.
The orc shouts!
The centaur shoots an arrow.
The arrow completely misses the orc.
The arrow hits you!
You die...
Xom laughs nastily!

.o.....# .....o.[..#
.....Y.....#
#......YY...#########
.c....@o..z...........
Z..(..K.....r......z...
.l...K.Y......>.z......
#...o(KK†...##########
#...Y.@)Z...#
#.../.SK....#
#....YKl....#
#.........†.#
#†....K.....#
#.Y.<>K.....#
#.....YKK.).#
#!..........#
...(.sK....#


You could see Harold, 8 yaks, a big kobold, a centaur, a scorpion (wandering),
an iguana, a wight (confused), an orc priest, an adder, 3 orcs, an adder zombie
(confused), 5 kobolds, a rat (confused), a friendly big kobold, a friendly giant
gecko, 4 friendly kobolds and a friendly giant frog skeleton.

Vanquished Creatures
  A basilisk (D:6)
  2 yaks (D:11)
  A hungry ghost (D:7)
  The ghost of wojtek the Cutter, an average KoAs (D:3)
  3 eyes of draining (D:7)
  An ogre (D:6)
  2 phantoms
  A centaur (D:7)
  5 giant frogs
  A wyvern zombie (D:11)
  2 scorpions
  5 wights
  A centaur skeleton (D:7)
  A crimson imp (D:6)
  A goliath beetle (D:6)
  A jelly (D:7)
  4 hounds
  2 orc wizards (D:4)
  3 worker ants
  A worker ant zombie (D:6)
  Robin (D:2)
  A gnoll (D:7)
  10 adders
  A giant mite (D:6)
  3 worms
  An ufetubus (D:4)
  An adder zombie (D:6)
  14 orcs
  7 giant cockroaches
  12 hobgoblins
  6 jackals
  9 kobolds
  3 quokkas
  13 bats
  3 giant geckos
  5 giant newts
  20 goblins
  A jackal skeleton (D:4)
  9 rats
  A butterfly (D:2)
160 creatures vanquished.

Vanquished Creatures (collateral kills)
  A yak (D:10)
  A wight (D:10)
  A giant newt (D:6)
  A rat (D:4)
4 creatures vanquished.

Vanquished Creatures (others)
  A kobold (D:10)
1 creature vanquished.

Grand Total: 165 creatures vanquished

Notes
Turn   | Place    | Note
--------------------------------------------------------------
     0 | D:1      | PolkaDot, the Vampire Chaos Knight, began the quest for the Orb.
     0 | D:1      | Reached XP level 1. HP: 17/17 MP: 1/1
   101 | D:1      | XOM: harmless Conj miscast
   115 | D:1      | Reached skill level 1 in Armour
   119 | D:1      | XOM: harmless Pois miscast
   205 | D:1      | XOM: 2-stop teleportation journey
   208 | D:1      | Reached XP level 2. HP: 18/23 MP: 2/2
   271 | D:1      | XOM: 5-stop teleportation journey
   473 | D:1      | XOM: chaos cloud
   480 | D:1      | Paralysed by you for 2 turns
   591 | D:1      | XOM: scenery: 2 doors open, 1 doors close
   652 | D:1      | XOM: mild Hex miscast
   849 | D:1      | XOM: noise
  1013 | D:1      | XOM: god gift: battleaxe {god gift}
  1164 | D:2      | Reached XP level 3. HP: 20/29 MP: 3/3
  1351 | D:2      | XOM: give mutations
  1351 | D:2      | Gained mutation: You possess an exceptional clarity of mind. [Xom's mischief]
  1351 | D:2      | Lost mutation: You possess an exceptional clarity of mind. [Xom's mischief]
  1351 | D:2      | Gained mutation: You are dopey. (Int -2) [Xom's mischief]
  1403 | D:2      | Noticed Sigmund
  1404 | D:2      | XOM: butterfly on damage
  1407 | D:2      | XOM: confusion (+ monsters)
  1415 | D:2      | Banished Sigmund
  1415 | D:2      | Reached skill level 4 in Short Blades
  1415 | D:2      | Reached XP level 4. HP: 27/35 MP: 4/4
  1441 | D:2      | Found a shimmering altar of Xom.
  1481 | D:2      | Found a white marble altar of Elyvilon.
  1523 | D:2      | XOM: colour smoke trail
  1534 | D:2      | XOM: harmless Chrm miscast
  1569 | D:2      | Reached XP level 5. HP: 33/41 MP: 5/5
  1702 | D:2      | HP: 2/41 [orc/short sword of speed (7)]
  1765 | D:2      | Noticed Robin
  1768 | D:2      | Killed Robin
  1775 | D:2      | XOM: silly message
  1804 | D:2      | Got a warped helmet
  1810 | D:2      | Identified the cursed +1 helmet of the Snake Pit {Dex-1} (You took it off Robin on level 2 of the Dungeon)
  2046 | D:3      | Reached skill level 5 in Short Blades
  2144 | D:3      | XOM: silly message
  2164 | D:3      | Reached XP level 6. HP: 46/48 MP: 6/6
  2175 | D:3      | Noticed wojtek's ghost (average KoAs)
  2195 | D:3      | Killed wojtek's ghost
  2271 | D:3      | XOM: harmless Tloc miscast
  2323 | D:3      | XOM: medium Necr miscast
  2926 | D:4      | Noticed Eustachio
  2944 | D:4      | XOM: confusion
  2962 | D:4      | XOM: swap weapons
  2964 | D:4      | XOM: enchant monster (bad)
  2966 | D:4      | XOM: confusion (+ monsters)
  3188 | D:4      | XOM: 4-stop teleportation journey
  3265 | D:4      | XOM: 4-stop teleportation journey
  3573 | D:4      | XOM: divination: magic mapping
  3710 | D:4      | XOM: vitrification
  3815 | D:4      | Reached XP level 7. HP: 54/54 MP: 7/7
  3992 | D:4      | XOM: summons friendly iron imp
  4001 | D:4      | XOM: confusion (+ monsters)
  4034 | D:4      | Reached skill level 6 in Short Blades
  4500 | D:4      | You fall through a shaft for 2 floors!
  4500 | D:6      | XOM: stealth player
  4524 | D:6      | Found an ancient bone altar of Kikubaaqudgha.
  4529 | D:6      | XOM: give mutations
  4529 | D:6      | Lost mutation: You are dopey. (Int -2) [Xom's mischief]
  4529 | D:6      | Gained mutation: You are dopey. (Int -2) [Xom's mischief]
  4529 | D:6      | Gained mutation: Your spells are a little harder to cast, but a little more powerful. [Xom's mischief]
  4529 | D:6      | Gained mutation: Your body is slowly deteriorating. [Xom's mischief]
  4721 | D:6      | Noticed a basilisk
  4721 | D:6      | an ogre changed into a basilisk
  4721 | D:6      | XOM: polymorph ogre -> basilisk
  4731 | D:6      | XOM: confusion
  4738 | D:6      | Killed a basilisk
  4744 | D:6      | XOM: mild Trmt miscast
  4834 | D:6      | XOM: god gift: scroll labeled YWKUS KONETI
  4940 | D:6      | Found a staircase to the Ecumenical Temple.
  4962 | D:6      | Reached XP level 8. HP: 49/61 MP: 8/8
  5120 | D:6      | XOM: give mutations
  5120 | D:6      | Gained mutation: You are weak. (Str -2) [Xom's mischief]
  5120 | D:6      | Lost mutation: You are weak. (Str -2) [Xom's mischief]
  5120 | D:6      | Lost mutation: Your spells are a little harder to cast, but a little more powerful. [Xom's mischief]
  5120 | D:6      | Gained mutation: You occasionally shout uncontrollably at your foes. [Xom's mischief]
  5155 | D:6      | XOM: draining
  5186 | D:7      | Reached skill level 5 in Dodging
  5299 | D:7      | Lost mutation: You are dopey. (Int -2) [potion of cure mutation]
  5299 | D:7      | Lost mutation: Your body is slowly deteriorating. [potion of cure mutation]
  5299 | D:7      | Lost mutation: You occasionally shout uncontrollably at your foes. [potion of cure mutation]
  5306 | D:7      | XOM: blink monster(s)
  5313 | D:7      | XOM: medium Tloc miscast
  5325 | D:7      | XOM: divination: detect creatures
  5326 | D:7      | Reached skill level 5 in Fighting
  5422 | D:7      | XOM: colour smoke trail
  5515 | D:7      | XOM: chaos cloud
  5533 | D:7      | Paralysed by you for 3 turns
  5550 | D:7      | Gained mutation: You are weak. (Str -2) [mutagenic glow]
  5612 | D:7      | XOM: enchant monster (good)
  5631 | D:7      | Reached skill level 5 in Long Blades
  5665 | D:7      | Found a bloodstained altar of Trog.
  5673 | D:7      | XOM: confuse monster(s)
  5683 | D:7      | Reached XP level 9. HP: 58/68 MP: 2/9
  5958 | D:8      | You fall through a shaft for 3 floors!
  5964 | D:11     | XOM: confusion (+ monsters)
  5972 | D:11     | XOM: harmless Chrm miscast
  5975 | D:11     | Noticed a hill giant
  5979 | D:11     | Noticed a centaur zombie
  5994 | D:10     | Entered Level 10 of the Dungeon
  6002 | D:10     | XOM: confusion (+ monsters)
  6010 | D:10     | Noticed Harold
  6015 | D:10     | Shot with an arrow by a centaur

Action                   |  1- 3 |  4- 6 |  7- 9 || total
-------------------------+-------+-------+-------++-------
Melee: Short sword       |   168 |   208 |       ||   376
       Rapier            |       |   114 |       ||   114
       Falchion          |       |    24 |       ||    24
       Dagger            |       |     3 |    29 ||    32
       Double sword      |       |       |   174 ||   174
Evoke: Wand              |       |     2 |     1 ||     3
  Use: Potion            |     2 |    23 |    17 ||    42
       Scroll            |       |     4 |     7 ||    11
 Stab: Confused          |     2 |     1 |     1 ||     4
       Invisible         |       |       |     1 ||     1
  Eat: Corpse            |    12 |     1 |       ||    13
